 Dungeon Crawl Stone Soup version 0.31-a0-818-ge7c7cf74f0 (webtiles) character file.

Game seed: 880211894462137558

3707 avis the Nimble (level 9, -3/42 HPs)
             Began as a Felid Shapeshifter on Sept 23, 2023.
             Was an Initiate of Gozag.
             Slain by a cyclops (8 damage)
             ... on level 7 of the Dungeon.
             The game lasted 00:43:41 (7983 turns).

avis the Nimble (Felid Shapeshifter)                Turns: 7983, Time: 00:43:42

Health: -3/42      AC:  6    Str: 12    XL:     9   Next: 91%
Magic:  10/10      EV: 25    Int: 11    God:    Gozag
Gold:   889        SH:  0    Dex: 18    Spells: 8/8 levels left
                                        Lives:  0   Deaths: 3

rFire   . .          .
                       - Unarmed
rCold   . . .        (shield unavailable)
rNeg    . . .        (body armour unavailable)
rPois   +            (helmet unavailable)
rElec   .            (cloak unavailable)
rCorr   .            (gloves unavailable)
SInv    +            (boots unavailable)
Will    +....        s - amulet of regeneration
Stlth   ++           t - ring of poison resistance
HPRegen 1.07/turn    v - +4 ring of protection
MPRegen 0.12/turn

%: no passive effects
@: lethally poisoned (-3 -> -22), blade hands, gold aura, quick
A: very small, (claws 1), fangs 3, see invisible, speed 1, shaggy fur 2,
(stealthy paws), no weapons or thrown items, no armour, multi-lived
a: Begin Untransformation, Renounce Religion, Potion Petition, Call Merchant,
Bribe Branch


You were on level 7 of the Dungeon.
You worshipped Gozag.
Gozag was pleased with you.
You had blades for front paws.
You visited 2 branches of the dungeon, and saw 8 of its levels.
You also visited: Bailey.

You collected 956 gold pieces.
You paid 67 gold pieces to Gozag.

Inventory:

Jewellery
 o - a ring of flight
 s - an amulet of regeneration (around neck)
 t - a ring of poison resistance (left blade hand)
 v - a +4 ring of protection (right blade hand)
 w - a ring of fire
 y - a ring of wizardry
Talismans
 b - a beast talisman
 f - a flux talisman
 l - a blade talisman (active)
Scrolls
 c - 3 scrolls of teleportation
 g - a scroll of poison {unknown}
 i - 2 scrolls of enchant weapon {unknown}
 k - a scroll of blinking {unknown}
 m - a scroll of immolation {unknown}
 n - a scroll of fog {unknown}
 q - a scroll of fear {unknown}
 r - a scroll of enchant armour {unknown}
 x - a scroll of revelation {unknown}
 C - a scroll of silence {unknown}
 D - a scroll of acquirement {unknown}
Potions
 a - a potion of mutation {unknown}
 d - 2 potions of enlightenment
 e - 3 potions of heal wounds
 h - a potion of attraction {unknown}
 j - 2 potions of curing
 p - a potion of ambrosia {unknown}
 u - 2 potions of brilliance {unknown}
 z - 2 potions of lignification
 A - a potion of invisibility {unknown}
 B - a potion of berserk rage {unknown}


   Skills:
 * Level 6.3 Fighting
 - Level 11.0 Dodging
 + Level 4.2 Unarmed Combat
 - Level 10.0 Shapeshifting


You had 8 spell levels left.
You didn't know any spells.
Your spell library contained the following spells:

 Spells                   Type           Power      Damage    Failure   Level
 Apportation              Tloc           0%         N/A       34%         1
 Necrotise                Necr           0%         1d4       34%         1
 Summon Small Mammal      Summ           0%         N/A       34%         1
 Jinxbite                 Hex            0%         N/A       47%         2
 Stone Arrow              Conj/Erth      0%         3d7       71%         3
 Alistair's Intoxication  Tmut/Pois      0%         N/A       100%        5
 Lehudib's Crystal Spear  Conj/Erth      0%         10d2      100%        8
 Animate Armour           Summ/Erth      Unusable   N/A       N/A         4

Dungeon Overview and Level Annotations

Branches:
Dungeon (7/15)             Temple (1/1) D:4          Bailey (visited)

Altars:
Ashenzari
Cheibriados
Elyvilon
Fedhas
Gozag
Hepliaklqana
Kikubaaqudgha
Makhleb
Nemelex Xobeh
Okawaru
Qazlal
Ru
Sif Muna
Trog
Uskayaw
Vehumet
Wu Jian
Xom
Yredelemnul
Zin
The Shining One


Innate Abilities, Weirdness & Mutations

You have blades for front paws.
((You have sharp claws.))
You have razor-sharp teeth.
You have supernaturally acute eyesight. (SInv)
You cover ground quickly. (Speed+)
You are covered in thick fur. (AC +2)
((Your paws help you pounce on unaware monsters.))
You are incapable of wielding weapons or throwing items.
You cannot wear armour.
You gain extra lives every three experience levels.


Message History

The sky beast misses you. The gnoll sergeant barely misses you.
You closely miss the sky beast. You slash the sky beast.
The sky beast is severely wounded.
The sky beast closely misses you.
The gnoll sergeant hits you from afar with a +2 spear of venom!
You slash the sky beast!
You kill the sky beast!
The gnoll sergeant misses you.
The bullfrog is distracted by your dazzling golden aura.
You see here 17 gold pieces.
You hit the cyclops. You bite the cyclops.
The cyclops is lightly wounded.
The gnoll sergeant barely misses you.
You slice the cyclops!!
The cyclops is heavily wounded.
The gnoll sergeant hits you from afar with a +2 spear of venom.
You hit the cyclops but do no damage.
The cyclops is heavily wounded.
The cyclops misses you.
You slice the cyclops!!
The cyclops is almost dead.
The bullfrog is no longer distracted by gold.
The gnoll sergeant hits you from afar with a +2 spear of venom!
You are poisoned.
You hit the cyclops but do no damage.
The cyclops is almost dead.
You feel very sick.
The gnoll sergeant completely misses you.
The cyclops is distracted by your dazzling golden aura.
You hit the cyclops but do no damage.
The cyclops is no longer distracted by gold.
You bite the cyclops, but do no damage.
The cyclops is almost dead.
You feel very sick.
The gnoll sergeant hits you from afar with a +2 spear of venom.
* * * LOW HITPOINT WARNING * * *
You are more poisoned.
The cyclops hits you!
You die...
Your body crumbles into a pile of gold.

... #.~~~....<# .#.
#♣...♣#C### ♣♣.♣ #...#
♣.. #F..# . ♣ #...# .
#g..# . #.$.#
.###################.###
................@CgF.#
..#.###.###.##########
.....##.# #.# #.#..##.#
#.# ........# #.#
####.#### #.# # #.# #..
# #.# ### # #.#


You could see a cyclops, a gnoll sergeant and a bullfrog.

Vanquished Creatures
  Pikel (D:5)
  A troll (D:7)
  2 steam dragons
  Menkaure (D:5)
  Edmund (D:5)
  3 water moccasins
  An orc warrior (Bailey)
  A sky beast (D:7)
  2 ice beasts
  2 black bears
  An ogre (D:5)
  2 phantoms
  6 kobold brigands (Bailey)
  2 scorpions
  8 orc priests
  Crazy Yiuf (D:4)
  2 gnoll boudas
  5 iguanas
  4 orc wizards
  12 gnolls
  4 adders
  2 shadow imps
  3 dart slugs
  37 orcs
  11 ball pythons
  2 bats
  3 endoplasms
  A giant cockroach (D:3)
  11 goblins
  9 hobgoblins
  2 jackals (D:2)
  14 kobolds
  3 quokkas
  3 frilled lizards
  17 rats
180 creatures vanquished.

Notes
Turn   | Place    | Note
-------+----------+-------------------------------------------
     0 | D:1      | avis the Felid Shapeshifter began the quest for the Orb.
     0 | D:1      | Reached XP level 1. HP: 9/9 MP: 2/2
   347 | D:1      | Reached skill level 3 in Dodging
   347 | D:1      | Reached XP level 2. HP: 12/12 MP: 3/3
  1063 | D:2      | Reached XP level 3. HP: 16/16 MP: 4/4
  1168 | D:2      | Reached skill level 4 in Dodging
  1801 | D:3      | Identified the +7 dagger of Subjectivity {heavy, Dex+3}
  1858 | D:3      | Reached XP level 4. HP: 7/19 MP: 5/5
  1956 | D:3      | Reached skill level 5 in Dodging
  2330 | D:2      | Reached XP level 5. HP: 23/24 MP: 6/6
  2759 | D:3      | Reached skill level 6 in Dodging
  2760 | D:4      | Noticed a water moccasin
  2786 | D:3      | Killed a water moccasin
  2787 | D:3      | Reached skill level 7 in Dodging
  2787 | D:3      | Gained mutation: You are covered in thick fur. (AC +2)
                  | [Felid growth]
  2787 | D:3      | Reached XP level 6. HP: 13/28 MP: 7/7
  3055 | D:4      | Found an ancient bone altar of Kikubaaqudgha.
  3430 | D:4      | Found a runed translucent door.
  3431 | D:4      | Noticed Crazy Yiuf
  3584 | D:4      | Reached skill level 5 in Shapeshifting
  3827 | D:4      | Found a staircase to the Ecumenical Temple.
  3840 | Temple   | Entered the Ecumenical Temple
  3844 | Temple   | Became a worshipper of Gozag Ym Sagoz the Greedy
  4300 | D:4      | Killed Crazy Yiuf
  4300 | D:4      | Succumbed to Crazy Yiuf's poison
  4413 | D:5      | Entered Level 5 of the Dungeon
  4413 | D:5      | Noticed Menkaure
  4419 | D:5      | Reached skill level 8 in Dodging
  4419 | D:5      | Reached XP level 7. HP: 31/31 MP: 8/8
  4421 | D:5      | Killed Menkaure
  4442 | D:4      | Reached skill level 9 in Dodging
  5067 | D:3      | Reached XP level 8. HP: 34/36 MP: 9/9
  5101 | D:5      | Killed from afar by a steam dragon
  5119 | D:5      | Reached skill level 10 in Dodging
  5170 | D:5      | Reached skill level 5 in Fighting
  5233 | D:5      | Noticed Pikel
  5339 | D:5      | Noticed Edmund
  5579 | D:5      | Killed Edmund
  5727 | D:5      | Slain by Pikel
  5738 | D:5      | Killed Pikel
  5739 | D:5      | Reached skill level 11 in Dodging
  5739 | D:5      | Reached XP level 9. HP: 40/40 MP: 10/10
  6748 | D:6      | Found a shimmering altar of Xom.
  6935 | D:6      | Found an iron altar of Okawaru.
  6936 | D:6      | Found a burning altar of Makhleb.
  6937 | D:6      | Found a hazy altar of Hepliaklqana.
  7139 | D:7      | Noticed a cyclops
  7292 | D:7      | Noticed a troll
  7406 | D:7      | Found a flagged portal.
  7433 | Bailey   | Entered a bailey
  7594 | Bailey   | Noticed an orc knight
  7673 | Bailey   | Found a bloodstained altar of Trog.
  7841 | D:7      | Killed a troll
  7842 | D:7      | Reached skill level 10 in Shapeshifting
  7896 | D:7      | Identified the +8 quarterstaff of Eshax {vamp, *Slow rElec
                  | Dex+4}
  7983 | D:7      | Slain by a cyclops

Illustrated notes

Levels and vault maps discovered:
D:1:      scummos_arrival_star, layout_loops_corners, minmay_rat_gold_closets
D:2:      layout_basic
D:3:      layout_basic
D:4:      wad_lake_hut, layout_basic, mainiacjoe_overflow_alcove_2, temple_hall,
          uniq_crazy_yiuf_cottage
D:5:      layout_cave_pools, kennysheep_generic_room_5, uniq_pikel, uniq_edmund,
          uniq_menkaure
D:6:      layout_basic, mainiacjoe_overflow_alcove_3, st_stairs_4,
          dreamdust_princess_bridge
D:7:      nzn_winding_woodlands_small [nzn_winding_woodlands_5x15_pool,
          nzn_winding_woodlands_center_diamonds,
          nzn_winding_woodlands_5x15_eye], layout_loops_cross, enter_bailey_5,
          palyth_stone_intersect, columned_hall_lemuel
Temple:   nicolae_temple_x_marks_the_god

Skill      XL: |  1  2  3  4  5  6  7  8  9 |
---------------+----------------------------+-----
Dodging        | 3 4 5 7 8 9 11 | 11.0
Fighting       | 2 3 4 5 6 |  6.3
Shapeshifting  | 5 7 10 | 10.0
Unarmed Combat | 4 |  4.2

Action                     |  1- 3 |  4- 6 |  7- 9 || total
---------------------------+-------+-------+-------++-------
  Melee: Unarmed           |   103 |   157 |   352 ||   612
         Bite              |     8 |    17 |    45 ||    70
         Punch             |     3 |     3 |     6 ||    12
  Evoke: Wand              |       |     5 |    12 ||    17
    Use: Potion            |       |     1 |     2 ||     3
         Scroll            |       |       |     3 ||     3
   Stab: Sleeping          |     7 |       |       ||     7
 Armour: Skin              |    14 |    47 |   124 ||   185
  Dodge: Dodged            |    58 |   116 |   420 ||   594
   Form: Blade             |       |       |     2 ||     2
         Flux              |       |       |     2 ||     2

Table legend: (Time is in decaauts)
 A = Elapsed time spent in this place.
 B = Non-inter-level travel time spent in this place.
 C = Inter-level travel time spent in this place.
 D = Time resting spent in this place.
 E = Time spent auto-exploring this place.
 F = Levels seen in this place.
 G = Mean time per level.
                   A        B        C        D        E       F      G
               +--------+--------+--------+--------+--------+-----+--------+
         Total |   7001 |   6492 |    509 |   1838 |   2480 |   9 |  777.9 |
       Dungeon |   6708 |   6199 |    509 |   1835 |   2480 |   7 |  958.3 |
        Temple |      7 |      7 |      0 |      0 |      0 |   1 |    7.0 |
        Bailey |    284 |    284 |      0 |      3 |      0 |   1 |  284.0 |
               +--------+--------+--------+--------+--------+-----+--------+

Top non-repeatable levels by time:
     D:4: 1857 daAuts
     D:3: 1245 daAuts
     D:1: 859 daAuts
     D:6: 843 daAuts
     D:5: 834 daAuts
     D:2: 774 daAuts
     D:7: 295 daAuts
  Bailey: 284 daAuts
  Temple: 7 daAuts
